[Event "Team 45 45 League T51"]
[Site "Internet Chess Club"]
[Date "2011.12.06"]
[Round "4"]
[White "gaibo4ever"]
[Black "PandorasBox"]
[Result "1/2-1/2"]
[WhiteElo "2103"]
[BlackElo "1932"]
[Opening "French: advance, Paulsen attack"]
[ECO "C02"]
[Time "16:46:40"]
[TimeControl "2700+45"]

1. e4 e6 2. d4 d5 3. e5 c5 4. c3 Nc6 5. Nf3 Qb6 6. a3 c4 7. Nbd2 Na5 8. g3 Bd7
9. Bg2 Be7 10. O-O Nh6 11. Bh3 Nb3 12. Nxb3 cxb3 13. Bxh6 gxh6 14. Qc1 Bf8 15.
c4 dxc4 16. Qxc4 Rc8 17. Qd3 Rc2 18. Rfb1 a5 19. Bf1 a4 20. Nd2 Be7 21. Ne4 Bc6
22. Nd2 Bd5 23. h4 Qc6 24. Qe3 h5 25. Bd3 Rg8 26. Kh2 Bxh4 27. gxh4 Rg2+ 28. Kh3
Rxd2 29. Bb5 Qxb5 30. Qxd2 Bf3 31. Rg1 Qd5 32. Rxg2 Bxg2+ 33. Kh2 Bf3 34. Rc1
Qd7 35. Qg5 Bc6 36. Rg1 Qd5 37. Qf6 Kf8 38. Qf4 b5 39. Qd2 Ke8 40. Qb4 Kd7 41.
Qd2 Qe4 42. Qg5 Qf3 43. Qg3 Qe4 44. Qg5 Qf3 45. Qf6 Qxf6 46. exf6 Be4 47. Rg5 b4
48. Rb5 bxa3 49. bxa3 Kc6 50. Rb4 Kd5 51. Kg3 e5 52. f3 Bc2 53. dxe5 Kxe5 54.
Kf2 Kxf6 55. Ke2 Bf5 56. Kd2 Bd7 57. Kc3 Ke6 58. Rb6+ Ke5 59. Rb7 Ke6 60. Rb6+
Ke5 {Game drawn by mutual agreement} 1/2-1/2

[Event "Team 45 45 League T51"]
[Site "Internet Chess Club"]
[Date "2011.12.06"]
[Round "4"]
[White "alexping"]
[Black "Stryker672"]
[Result "1/2-1/2"]
[WhiteElo "1915"]
[BlackElo "1993"]
[Opening "Kevitz-Trajkovich defense"]
[ECO "A50"]
[Time "12:33:16"]
[TimeControl "2700+45"]

1. d4 Nf6 2. c4 Nc6 3. Nf3 e6 4. Nc3 Bb4 5. a3 Bxc3+ 6. bxc3 O-O 7. Bg5 h6 8.
Bxf6 Qxf6 9. e3 d6 10. Bd3 e5 11. Qc2 Qe7 12. Be4 Nd8 13. Bf5 Bxf5 14. Qxf5 g6
15. Qe4 Nc6 16. O-O f5 17. Qd5+ Qf7 18. Rab1 Rab8 19. Rfd1 e4 20. Nd2 Qxd5 21.
cxd5 Ne7 22. c4 c6 23. dxc6 bxc6 24. Kf1 {Game drawn by mutual agreement}
1/2-1/2

[Event "Team 45 45 League T51"]
[Site "Internet Chess Club"]
[Date "2011.12.05"]
[Round "4"]
[White "easycure"]
[Black "Y-ElGhazali"]
[Result "1/2-1/2"]
[WhiteElo "2374"]
[BlackElo "2244"]
[Opening "Sicilian: Pelikan, Bird variation"]
[ECO "B60"]
[Time "15:00:59"]
[TimeControl "2700+45"]

1. e4 c5 2. Nf3 Nc6 3. d4 cxd4 4. Nxd4 Nf6 5. Nc3 d6 6. Bg5 e5 7. Ndb5 a6 8. Na3
Be6 9. Nc4 b5 10. Ne3 Be7 11. Bxf6 Bxf6 12. a4 b4 13. Ncd5 Bg5 14. Be2 O-O 15.
O-O a5 16. Bb5 Nd4 17. c3 Bxe3 18. Nxe3 Nb3 19. Rb1 bxc3 20. bxc3 Nc5 21. Qc2
Qc7 22. Rfd1 Rab8 23. c4 Rfd8 24. f3 Qb6 25. Qc3 Na6 26. Bxa6 Qxa6 27. Rb5 Rxb5
28. cxb5 Qb6 29. Rc1 h6 30. Qd3 d5 31. Rc6 dxe4 32. Qxe4 Qd4 33. Qxd4 exd4 34.
Nf1 Bb3 35. Ra6 Bxa4 36. Rxa5 Bc2 37. b6 Rb8 38. Rb5 Kf8 39. Rb4 d3 40. Kf2 Ke7
41. Ke3 Kd6 42. Kd2 Kc5 43. Kc3 Rxb6 44. Rxb6 Kxb6 45. Ne3 Kc5 46. Nf5 Kd5 47.
Nxg7 Ke5 48. Kd2 Kf4 49. Nh5+ Kg5 50. Ng3 f5 51. Nh1 f4 52. Nf2 Ba4 53. Nxd3 Bb5
54. Kc3 h5 55. Kd4 h4 56. Ke4 Bc6+ 57. Ke5 h3 58. gxh3 Bxf3 59. Nxf4 {Game drawn
by mutual agreement} 1/2-1/2

[Event "Team 45 45 League T51"]
[Site "Internet Chess Club"]
[Date "2011.12.03"]
[Round "4"]
[White "jorobo"]
[Black "egyptiantiger"]
[Result "1/2-1/2"]
[WhiteElo "1989"]
[BlackElo "2172"]
[Opening "King's Indian: orthodox, Aronin-Taimanov, 9.Ne1"]
[ECO "E98"]
[Time "16:00:20"]
[TimeControl "2700+45"]

1. c4 Nf6 2. Nc3 g6 3. d4 Bg7 4. e4 d6 5. Be2 O-O 6. Nf3 e5 7. O-O Nc6 8. d5 Ne7
9. Ne1 Nd7 10. Nd3 f5 11. Bd2 Nf6 12. f3 f4 13. c5 Kh8 14. cxd6 cxd6 15. Qc2
Neg8 16. Rfc1 a6 17. a4 g5 18. Nf2 h5 19. h3 Nh6 20. Qd1 Rg8 21. a5 Bf8 22. Na4
g4 23. fxg4 hxg4 24. hxg4 Nfxg4 25. Nxg4 Bxg4 26. Ra3 Qg5 27. Bxg4 Nxg4 28. Rh3+
Bh6 29. Qe2 Raf8 30. Rcc3 Rf7 31. Nb6 Rh7 32. Qf3 Ne3 33. Rc8 Rg7 34. Rxg8+ Kxg8
35. Bxe3 fxe3 36. Nc4 Qg6 37. Qe2 Bf4 38. Qf3 Bh6 39. Qe2 Bf4 40. Qf3 Bh6 41.
Qe2 {Game drawn by repetition} 1/2-1/2

[Event "Team 45 45 League T51"]
[Site "Internet Chess Club"]
[Date "2011.12.05"]
[Round "4"]
[White "AmrSobh"]
[Black "CamLeslie"]
[Result "1-0"]
[WhiteElo "2219"]
[BlackElo "1843"]
[Opening "Nimzo-Indian: Kmoch variation"]
[ECO "E20"]
[Time "03:05:17"]
[TimeControl "2700+45"]

1. d4 Nf6 2. c4 e6 3. Nc3 Bb4 4. f3 O-O 5. a3 Bxc3+ 6. bxc3 Ne8 7. e4 b6 8. Bd3
Ba6 9. f4 Nc6 10. Nf3 Na5 11. Qe2 f5 12. e5 d5 13. cxd5 Bxd3 14. Qxd3 Qxd5 15.
O-O Nc4 16. a4 c6 17. Be3 Nc7 18. Bf2 a6 19. Bh4 Rfe8 20. g4 Rf8 21. gxf5 exf5
22. Rf2 Ne6 23. Ng5 Nc5 24. Qe2 Ne4 25. Nxe4 fxe4 26. f5 e3 27. Rf4 b5 28. a5
Ra7 29. Qg4 Raf7 30. Raf1 Nd2 31. e6 Nxf1 32. exf7+ Rxf7 33. Rxf1 Qa2 34. f6 e2
35. Re1 {Black resigns} 1-0

[Event "Team 45 45 League T51"]
[Site "Internet Chess Club"]
[Date "2011.12.04"]
[Round "4"]
[White "BlazekaMatej"]
[Black "Morovon23"]
[Result "0-1"]
[WhiteElo "2170"]
[BlackElo "2321"]
[Opening "Ruy Lopez: classical (Cordel) defense"]
[ECO "C64"]
[Time "16:00:15"]
[TimeControl "2700+45"]

1. e4 e5 2. Nf3 Nc6 3. Bb5 Bc5 4. O-O Nd4 5. Nxd4 Bxd4 6. c3 Bb6 7. d4 c6 8. Ba4
d6 9. dxe5 dxe5 10. Qh5 Qe7 11. Bg5 Nf6 12. Qh4 Be6 13. Nd2 O-O-O 14. Nf3 h6 15.
Bxf6 gxf6 16. Nxe5 Rdg8 17. h3 Rg7 18. Bd1 h5 19. Ng4 Qd6 20. Bf3 Bd8 21. Rad1
Qf4 22. Rxd8+ Kxd8 23. Qxf6+ Qxf6 24. Nxf6 Bxh3 25. e5 Ke7 26. Kh2 Be6 27. Be2
Rd8 28. Ne4 h4 29. f4 Bd5 30. Ng5 f6 31. exf6+ Kxf6 32. Kh3 Rh8 33. c4 Re7 34.
cxd5 Rxe2 35. dxc6 bxc6 36. Rc1 Rxb2 37. Rxc6+ Kf5 38. Ra6 Kxf4 39. Ne6+ Ke5 40.
Ng5 Rb7 41. Nf3+ Kd5 42. Nxh4 Kc5 43. Kg4 Rb4+ 44. Kf5 Rhxh4 45. Rxa7 Rhg4
{White resigns} 0-1

[Event "Team 45 45 League T51"]
[Site "Internet Chess Club"]
[Date "2011.12.05"]
[Round "4"]
[White "MikeA"]
[Black "Pomberito"]
[Result "1/2-1/2"]
[WhiteElo "2234"]
[BlackElo "2084"]
[Opening "Giuoco Pianissimo"]
[ECO "C55"]
[Time "16:30:08"]
[TimeControl "2700+45"]

1. e4 e5 2. Nf3 Nc6 3. Bc4 Nf6 4. d3 Bc5 5. c3 a6 6. O-O Ba7 7. Nbd2 d6 8. Re1
Qe7 9. Nb3 Be6 10. Bxe6 fxe6 11. Bg5 O-O 12. d4 Qe8 13. Qd3 Qg6 14. h3 Nh5 15.
Bd2 Nf4 16. Bxf4 Rxf4 17. Nbd2 Raf8 18. Kh1 Qh5 19. Rac1 g5 20. Kg1 g4 21. hxg4
Rxg4 22. g3 exd4 23. cxd4 Nxd4 24. Nxd4 Rxf2 25. Kxf2 Qh2+ 26. Ke3 {Game drawn
by mutual agreement} 1/2-1/2

[Event "Team 45 45 League T51"]
[Site "Internet Chess Club"]
[Date "2011.12.02"]
[Round "4"]
[White "Petro8"]
[Black "Folgers"]
[Result "0-1"]
[WhiteElo "2052"]
[BlackElo "2199"]
[Opening "KP: Nimzovich defense"]
[ECO "B00"]
[Time "16:33:18"]
[TimeControl "2700+45"]

1. e4 Nc6 2. d4 e5 3. dxe5 Nxe5 4. f4 Nc6 5. Bc4 Nf6 6. e5 d5 7. exf6 dxc4 8.
Qxd8+ Kxd8 9. fxg7 Bxg7 10. Nf3 Nd4 11. Nxd4 Bxd4 12. h3 h5 13. c3 Bc5 14. Nd2
Re8+ 15. Kd1 Rg8 16. Nxc4 Rxg2 17. b4 Be6 18. Ne3 Bxe3 19. Bxe3 Kd7 20. Rg1 Rh2
21. Ke1 Kc6 22. a4 Bb3 23. b5+ Kd5 24. Rg5+ Ke4 25. Re5+ Kf3 26. Bg1 Rh1 27.
Re3+ Kg2 28. Re2+ Kxh3 29. Kf2 h4 30. Re3+ Kg4 31. c4 Bxc4 32. Rc1 Bd5 33. Rxc7
Rg8 34. Rd7 Rxg1 35. Rxd5 Ra1 36. Rd4 f5 37. Re7 h3 38. Rh7 Ra2+ 39. Ke3 Re8+
40. Kd3 h2 41. Rdd7 Kxf4 42. Rh4+ Kf3 43. Rh3+ Kg2 44. Rh5 Ra3+ 45. Kd2 h1=Q 46.
Rg7+ Rg3 47. Rxg3+ Kxg3 48. Rxh1 Re7 49. Rh8 f4 50. Rg8+ Kf2 51. a5 Rd7+ 52. Kc3
f3 53. Ra8 Ke2 54. Re8+ Kf1 55. a6 bxa6 56. bxa6 Rg7 57. Rb8 Kg2 58. Rb7 Rg3 59.
Rxa7 f2+ {White resigns} 0-1

[Event "Team 45 45 League T51"]
[Site "Internet Chess Club"]
[Date "2011.12.02"]
[Round "4"]
[White "CaoCao"]
[Black "robertoalvarez"]
[Result "0-1"]
[WhiteElo "1902"]
[BlackElo "2029"]
[Opening "French: Winawer, advance variation"]
[ECO "C18"]
[Time "14:04:37"]
[TimeControl "2700+45"]

1. e4 e6 2. d4 d5 3. Nc3 Bb4 4. e5 c5 5. a3 Bxc3+ 6. bxc3 Qa5 7. Qd2 c4 8. Nh3
Bd7 9. Nf4 Ne7 10. Nh5 Rg8 11. Be2 Ba4 12. O-O Nbc6 13. Bb2 O-O-O 14. Rfc1 Rdf8
15. f4 Nf5 16. Qe1 Qd8 17. Bg4 Nce7 18. Bxf5 Nxf5 19. Ng3 Nxg3 20. Qxg3 f5 21.
h4 g6 22. Qg5 Qe8 23. Rab1 h6 24. Qxh6 Rh8 25. Qg5 Rh5 26. Qg3 Rfh8 27. Ba1 Rxh4
28. Kf2 Rg4 29. Qf3 Rh2 30. Rh1 Rgxg2+ 31. Qxg2 Rxg2+ 32. Kxg2 Bxc2 {White
resigns} 0-1

[Event "Team 45 45 League T51"]
[Site "Internet Chess Club"]
[Date "2011.12.01"]
[Round "4"]
[White "sibirica"]
[Black "AlexeiD"]
[Result "1/2-1/2"]
[WhiteElo "2321"]
[BlackElo "2170"]
[Opening "Sicilian: accelerated fianchetto, modern variation with Bc4"]
[ECO "B35"]
[Time "11:00:50"]
[TimeControl "2700+45"]

1. e4 c5 2. Nf3 g6 3. d4 cxd4 4. Nxd4 Bg7 5. Nc3 Nc6 6. Be3 Nf6 7. Bc4 Qa5 8.
O-O O-O 9. Bb3 d6 10. h3 Bd7 11. Re1 Rac8 12. Nf3 Rfe8 13. Qd2 Nh5 14. Rad1 Ne5
15. Nxe5 Bxe5 16. Bd4 Bxd4 17. Qxd4 Qg5 18. Qd5 Qxd5 19. Nxd5 Bc6 20. e5 e6 21.
Nb4 d5 22. Rd4 Ng7 23. g4 Bd7 24. Nd3 Rc7 25. c3 a5 26. a3 Kf8 27. f4 Ke7 28.
Kf2 Rec8 29. Rd1 h5 30. Kg3 b6 31. Ne1 Bb5 32. Nc2 Rxc3+ 33. bxc3 Rxc3+ 34. Kh4
Rxb3 35. R4d2 Ba4 36. Nd4 Rxa3 37. Rb1 Be8 38. Rxb6 a4 39. Rb7+ Kf8 40. Nb5 Rf3
41. Rd4 Rb3 42. Nd6 Rxb7 43. Nxb7 Bb5 44. Rb4 Be8 45. Nc5 hxg4 46. hxg4 Ke7 47.
Nxa4 Bxa4 48. Rxa4 Ne8 49. Ra7+ Kf8 50. Kg5 Ng7 51. Rb7 Ne8 52. f5 gxf5 53. gxf5
exf5 54. Rd7 f4 55. Kxf4 f6 56. e6 Ng7 {Game drawn by mutual agreement} 1/2-1/2

[Event "Team 45 45 League T51"]
[Site "Internet Chess Club"]
[Date "2011.12.03"]
[Round "4"]
[White "Catalog"]
[Black "Zumbi"]
[Result "1/2-1/2"]
[WhiteElo "2112"]
[BlackElo "2151"]
[Opening "Sicilian: Canal-Sokolsky attack, Sokolsky variation"]
[ECO "B52"]
[Time "12:08:04"]
[TimeControl "2700+45"]

1. e4 c5 2. Nf3 d6 3. Bb5+ Bd7 4. Bxd7+ Qxd7 5. c4 Nc6 6. O-O g6 7. d4 cxd4 8.
Nxd4 Bg7 9. Be3 Nf6 10. Nc3 O-O 11. f3 Rfc8 12. b3 Qd8 13. Qd2 Nd7 14. Rfd1 Nc5
15. Rab1 a5 16. Qe1 Nxd4 17. Bxd4 Bxd4+ 18. Rxd4 a4 {Game drawn by mutual
agreement} 1/2-1/2

[Event "Team 45 45 League T51"]
[Site "Internet Chess Club"]
[Date "2011.12.05"]
[Round "4"]
[White "Ptzz"]
[Black "perikitosax"]
[Result "1-0"]
[WhiteElo "2096"]
[BlackElo "1987"]
[Opening "English: ultra-symmetrical variation"]
[ECO "A36"]
[Time "12:14:06"]
[TimeControl "2700+45"]

1. c4 c5 2. g3 Nc6 3. Bg2 g6 4. Nc3 Bg7 5. a3 e6 6. b4 d6 7. Rb1 Nge7 8. Nh3 Rb8
9. Nf4 O-O 10. h4 b6 11. h5 g5 12. Nd3 Ne5 13. Nxe5 Bxe5 14. Ne4 h6 15. bxc5
dxc5 16. Nxc5 bxc5 17. Rxb8 Bxb8 18. Bb2 Qb6 19. Qa1 e5 20. f4 f6 21. O-O Nf5
22. Qb1 gxf4 23. Bh3 Ne7 24. Bxc8 Rxc8 25. gxf4 Kh8 26. fxe5 Rg8+ 27. Kf2 Bxe5
28. Bxe5 fxe5 29. Qe4 Rf8+ 30. Ke1 Rxf1+ 31. Kxf1 Qf6+ 32. Ke1 Nc6 33. Qd5 Nd4
34. Qa8+ Kg7 35. Qxa7+ Kg8 36. Qa8+ Kf7 37. Qd5+ Ke8 38. a4 Qh4+ 39. Kd1 Qf4 40.
Qa8+ Ke7 41. Qb7+ Kf6 42. Qb6+ Kf5 43. Qg6# {Black checkmated} 1-0

[Event "Team 45 45 League T51"]
[Site "Internet Chess Club"]
[Date "2011.12.04"]
[Round "4"]
[White "carokantor"]
[Black "Merciful"]
[Result "1-0"]
[WhiteElo "2042"]
[BlackElo "2036"]
[Opening "Caro-Kann: Panov-Botvinnik attack"]
[ECO "B13"]
[Time "09:04:16"]
[TimeControl "2700+45"]

1. e4 c6 2. d4 d5 3. exd5 cxd5 4. c4 Nf6 5. Nc3 Nc6 6. Nf3 Bg4 7. Be3 e6 8. Be2
dxc4 9. Bxc4 Be7 10. O-O O-O 11. h3 Bh5 12. g4 Bg6 13. Nh4 Qd7 14. Nxg6 hxg6 15.
d5 Nxd5 16. Nxd5 exd5 17. Qxd5 Qc7 18. Rad1 Rad8 19. Qe4 Rxd1 20. Rxd1 Bf6 21.
b3 a6 22. Qxg6 b5 23. Bd5 Nb4 24. Qf5 Nxa2 25. Be4 Rd8 26. Qh7+ Kf8 27. Bc5+
Qxc5 28. Qh8+ Ke7 29. Qxd8+ {Black resigns} 1-0

[Event "Team 45 45 League T51"]
[Site "Internet Chess Club"]
[Date "2011.12.03"]
[Round "4"]
[White "Paulkov"]
[Black "pestka"]
[Result "1/2-1/2"]
[WhiteElo "2280"]
[BlackElo "2343"]
[Opening "Pirc defense"]
[ECO "B07"]
[Time "16:00:44"]
[TimeControl "2700+45"]

1. e4 d6 2. d4 Nf6 3. Nc3 Nbd7 4. g4 h6 5. Bg2 e5 6. h3 c6 7. Nge2 b5 8. a3 Bb7
9. O-O a5 10. Ng3 g6 11. Be3 Qc7 12. Qd2 Nb6 13. b3 h5 14. Bg5 Be7 15. gxh5 Nxh5
16. Bxe7 Qxe7 17. Nxh5 Rxh5 18. d5 cxd5 19. exd5 Kf8 20. f4 Rc8 21. fxe5 dxe5
22. Rae1 {Game drawn by mutual agreement} 1/2-1/2

[Event "Team 45 45 League T51"]
[Site "Internet Chess Club"]
[Date "2011.12.03"]
[Round "4"]
[White "Jack-ONeill"]
[Black "universe"]
[Result "0-1"]
[WhiteElo "2025"]
[BlackElo "2106"]
[Opening "QGD Slav: exchange variation, 6.Bf4 Bf5"]
[ECO "D14"]
[Time "15:02:13"]
[TimeControl "2700+45"]

1. d4 d5 2. Nf3 Nf6 3. c4 c6 4. cxd5 cxd5 5. Nc3 Nc6 6. Bf4 Bf5 7. e3 e6 8. Bb5
Nd7 9. Qa4 Rc8 10. O-O a6 11. Bxc6 Rxc6 12. Rfc1 Be7 13. Ne2 Qb6 14. Rxc6 bxc6
15. Rc1 Bd3 16. Qd1 Bg6 17. Qa4 Bd3 18. Qd1 Bf5 19. Qa4 Qxb2 20. Qxa6 O-O 21.
Rxc6 g5 22. Bg3 g4 23. Ne1 Nb8 24. Bxb8 Rxb8 25. Kf1 Qd2 26. Rc8+ Rxc8 27. Qxc8+
Kg7 28. Qc7 Bb4 29. Qe5+ f6 30. Qc7+ Kh6 31. Qc1 Qxa2 32. Ng3 Bg6 33. Qd1 Qc4+
34. Kg1 Qc3 35. Kf1 Be8 36. Nc2 Ba4 {White resigns} 0-1

[Event "Team 45 45 League T51"]
[Site "Internet Chess Club"]
[Date "2011.12.06"]
[Round "4"]
[White "Campagnolo"]
[Black "Kolibri"]
[Result "1-0"]
[WhiteElo "2081"]
[BlackElo "1985"]
[Opening "King's Indian: 5.Nf3"]
[ECO "E90"]
[Time "13:00:09"]
[TimeControl "2700+45"]

1. Nf3 Nf6 2. c4 g6 3. Nc3 d6 4. e4 Bg7 5. d4 O-O 6. h3 e5 7. d5 a5 8. Bg5 h6 9.
Be3 Na6 10. Nd2 Nc5 11. Be2 b6 12. g4 Nfd7 13. Qc2 a4 14. Nf1 Nb3 15. axb3 axb3
16. Qc1 Rxa1 17. Qxa1 Qh4 18. Ng3 Nf6 19. Qd1 Nh7 20. Qxb3 f5 21. exf5 gxf5 22.
gxf5 Bxf5 23. Nxf5 Rxf5 24. Qc2 e4 25. Bg4 Rf8 26. Nxe4 Be5 27. Rg1 Kh8 28. Be6
Qh5 29. Qe2 Qh4 30. Qg4 {Black resigns} 1-0

[Event "Team 45 45 League T51"]
[Site "Internet Chess Club"]
[Date "2011.12.06"]
[Round "4"]
[White "baumhauer"]
[Black "Seaborgium"]
[Result "0-1"]
[WhiteElo "1825"]
[BlackElo "1947"]
[Opening "Sicilian: Grand Prix attack"]
[ECO "B21"]
[Time "11:47:08"]
[TimeControl "2700+45"]

1. e4 c5 2. f4 d5 3. exd5 Nf6 4. Bb5+ Nbd7 5. c4 a6 6. Bxd7+ Bxd7 7. d4 cxd4 8.
Qxd4 e6 9. Nc3 Bb4 10. Nf3 Qa5 11. Bd2 O-O 12. Ne4 Nxe4 13. Qxe4 Bxd2+ 14. Nxd2
exd5 15. Qxd5 Rfe8+ 16. Kd1 Bb5 17. Nb3 Qb4 18. Qc5 Rad8+ 19. Kc1 Re1+ 20. Rxe1
Qxe1+ 21. Kc2 Qe2+ 22. Kc3 a5 {White resigns} 0-1

[Event "Team 45 45 League T51"]
[Site "Internet Chess Club"]
[Date "2011.12.03"]
[Round "4"]
[White "chiiwen"]
[Black "eurander"]
[Result "0-1"]
[WhiteElo "2168"]
[BlackElo "2181"]
[Opening "Caro-Kann: classical, Spassky variation"]
[ECO "B19"]
[Time "12:08:22"]
[TimeControl "2700+45"]

1. e4 c6 2. d4 d5 3. Nd2 dxe4 4. Nxe4 Bf5 5. Ng3 Bg6 6. h4 h6 7. Nf3 Nd7 8. h5
Bh7 9. Bd3 Bxd3 10. Qxd3 e6 11. Bd2 Ngf6 12. O-O-O Be7 13. Nf1 Nb6 14. Ne3 Nbd5
15. Nc4 c5 16. Nce5 Qb6 17. g4 Nb4 18. Bxb4 cxb4 19. g5 Nd5 20. g6 f6 21. Nf7
O-O 22. Qd2 Qc7 23. Kb1 Rac8 24. Rde1 b3 25. axb3 Bb4 26. c3 Nxc3+ 27. bxc3 Bxc3
28. Rc1 Qa5 29. Qe2 Qa1+ 30. Kc2 Bb2+ 31. Kd3 Bxc1 32. Qxe6 Qc3+ 33. Ke2 Rfe8
{White resigns} 0-1

[Event "Team 45 45 League T51"]
[Site "Internet Chess Club"]
[Date "2011.12.04"]
[Round "4"]
[White "vnchess"]
[Black "Justi"]
[Result "0-1"]
[WhiteElo "2105"]
[BlackElo "2131"]
[Opening "King's Indian: Torre attack"]
[ECO "A48"]
[Time "13:05:40"]
[TimeControl "2700+45"]

1. d4 Nf6 2. Nf3 g6 3. Bg5 Bg7 4. e3 O-O 5. Bc4 d6 6. O-O b6 7. Qd3 Bb7 8. Nbd2
Nbd7 9. e4 e5 10. c3 h6 11. Bh4 Qe7 12. Rfe1 g5 13. Bg3 Nh5 14. Nf1 Nf4 15. Qd2
Qf6 16. dxe5 Nxe5 17. Nxe5 dxe5 18. Qd7 Bc6 19. Qf5 Qxf5 20. exf5 Nxg2 21. Rxe5
Bxe5 22. Bxe5 Nh4 23. Nd2 Rad8 24. Bd4 Bb7 25. Kf1 Nxf5 26. Nb3 Bd5 27. Bxd5
Rxd5 28. Re1 c5 29. Bf6 Rc8 30. Re4 Rd6 31. Be7 Re6 32. Rxe6 fxe6 33. Ke2 Nxe7
34. Ke3 Kf7 35. Ke4 Rd8 36. Ke3 e5 37. Ke2 Ke6 38. f3 Nd5 {White resigns} 0-1

[Event "Team 45 45 League T51"]
[Site "Internet Chess Club"]
[Date "2011.12.03"]
[Round "4"]
[White "pmcglothin"]
[Black "SlimeDog2"]
[Result "0-1"]
[WhiteElo "1938"]
[BlackElo "2115"]
[Opening "Réti opening"]
[ECO "A05"]
[Time "14:12:29"]
[TimeControl "2700+45"]

1. Nf3 Nf6 2. g3 c5 3. Bg2 Nc6 4. O-O e5 5. d3 Be7 6. e4 O-O 7. Nc3 Rb8 8. a4 a6
9. h3 b5 10. axb5 axb5 11. Nd5 d6 12. Kh2 Nxd5 13. exd5 Nb4 14. c4 Bf5 15. Ne1
bxc4 16. dxc4 Ra8 17. Rxa8 Qxa8 18. Qe2 Re8 19. Be4 Bd7 20. g4 Qd8 21. Nd3 Nxd3
22. Qxd3 g6 23. f4 exf4 24. Bxf4 Bg5 25. Qf3 Bxf4+ 26. Qxf4 Qe7 27. Bg2 Rb8 28.
Rf2 Kg7 29. Bf1 h6 30. Re2 Qf6 31. Qxf6+ Kxf6 32. Kg3 Rb3+ 33. Kh2 Kg5 34. Rf2
f5 35. gxf5 Bxf5 36. Bg2 Bd3 37. Rf3 Bxc4 38. Rxb3 Bxb3 39. Be4 Kf6 40. Kg3 g5
41. Kg4 Bd1+ 42. Kg3 Ke5 43. Bg2 Bb3 44. Kg4 Bd1+ 45. Kg3 h5 46. Bh1 h4+ 47. Kf2
Bb3 48. Ke3 Bxd5 {White resigns} 0-1

[Event "Team 45 45 League T51"]
[Site "Internet Chess Club"]
[Date "2011.12.04"]
[Round "4"]
[White "Dracoac"]
[Black "Egmont"]
[Result "0-1"]
[WhiteElo "1695"]
[BlackElo "1756"]
[Opening "Queen's pawn game, Darooha variation "]
[ECO "D11"]
[Time "10:00:30"]
[TimeControl "2700+45"]

1. Nf3 d5 2. d4 Nf6 3. c4 c6 4. Qb3 e6 5. g3 Bd6 6. Bg2 O-O 7. O-O Nbd7 8. Nc3
Re8 9. Rd1 dxc4 10. Qxc4 Nb6 11. Qb3 Qe7 12. e4 e5 13. dxe5 Bxe5 14. Nxe5 Qxe5
15. Bf4 Qe7 16. Bd6 Qe6 17. Qc2 Nc4 18. Bf4 Ne5 19. Ne2 Ng6 20. Bg5 h6 21. Nd4
Qg4 22. Be3 Qh5 23. Ne2 Ng4 24. h3 Nxe3 25. fxe3 Bxh3 26. Bxh3 Qxh3 27. Rf1 Re5
28. Qc4 Rf8 29. Qd4 Rh5 30. Kf2 Qg4 31. Rh1 Rxh1 32. Rxh1 Re8 33. Nc3 Ne5 34.
Qd1 Qg5 35. Rh5 Ng4+ 36. Kg2 Qxh5 37. Qd7 Rf8 38. Qxb7 Nxe3+ 39. Kf2 Qc5 40. Kf3
Re8 41. Qd7 Re6 42. Qd8+ Kh7 43. Qd3 Rf6+ 44. Ke2 Ng4 45. e5+ Rg6 46. e6 Qe5+
47. Kd2 Qxe6 48. Kc2 Qe7 49. Qf3 Ne5 50. Qe4 Kh8 51. g4 Rxg4 52. Qf5 Rg2+ 53.
Kb1 Nc4 54. Qc8+ Kh7 55. Qf5+ g6 56. Qf1 Rxb2+ 57. Ka1 Qe6 58. Ne4 Rxa2+ 59. Kb1
Nd2+ 60. Nxd2 Rxd2 61. Kc1 Qa2 62. Qxf7+ Qxf7 63. Kxd2 g5 64. Ke2 g4 65. Ke3 Kg6
66. Kd4 Qd5+ 67. Ke3 Kf5 68. Kf2 Qb3 69. Kg2 Kf4 70. Kf2 Qc2+ 71. Kg1 Kg3 72.
Kf1 Qf2# {White checkmated} 0-1

[Event "Team 45 45 League T51"]
[Site "Internet Chess Club"]
[Date "2011.12.04"]
[Round "4"]
[White "JWB"]
[Black "moomaster"]
[Result "1-0"]
[WhiteElo "1654"]
[BlackElo "1575"]
[Opening "QGD Slav: Dutch variation"]
[ECO "D18"]
[Time "11:04:49"]
[TimeControl "2700+45"]

1. d4 d5 2. Nf3 Nf6 3. c4 c6 4. Nc3 dxc4 5. a4 Bf5 6. e3 e6 7. Bxc4 Nbd7 8. O-O
Be7 9. Re1 Ne4 10. Nd2 Nxc3 11. bxc3 O-O 12. e4 Bg6 13. Nf1 Qa5 14. Bd2 e5 15.
Rb1 Qc7 16. Bd3 Rad8 17. Qb3 b6 18. Bc1 exd4 19. cxd4 Nf6 20. Bb2 Rfe8 21. Ng3
c5 22. d5 Bd6 23. Bxf6 gxf6 24. Re3 Be5 25. h4 h6 26. Nf5 Kh7 27. Qd1 Bxf5 28.
exf5 Bh2+ 29. Kh1 Rxe3 30. fxe3 Rxd5 31. Qb3 Qd6 32. Bc4 Rxf5 33. Bd3 Qd7 34.
Bxf5+ Qxf5 35. Kxh2 Kg6 36. Rd1 Qg4 37. g3 Qe2+ 38. Kg1 Qf3 39. Qd3+ f5 40. e4
Qg4 41. exf5+ Kg7 42. f6+ Kxf6 43. Rf1+ Kg7 44. Rf4 Qe6 45. Qe4 Qa2 46. Rg4+ Kf8
47. Qa8+ Ke7 48. Qxa7+ Kf8 49. Qb8+ Ke7 50. Re4+ Kf6 51. Qe5+ Kg6 52. Rg4+ Kh7
53. Qf5+ Kh8 54. Qf6+ Kh7 55. Qg7# {Black checkmated} 1-0

[Event "Team 45 45 League T51"]
[Site "Internet Chess Club"]
[Date "2011.12.04"]
[Round "4"]
[White "nosir"]
[Black "philosopherking"]
[Result "1/2-1/2"]
[WhiteElo "1502"]
[BlackElo "1523"]
[Opening "Queen's pawn, Mason variation"]
[ECO "D00"]
[Time "21:00:38"]
[TimeControl "2700+45"]

1. d4 d5 2. Bf4 Nf6 3. e3 e6 4. Bd3 c5 5. c3 Be7 6. Nd2 O-O 7. Ngf3 Nc6 8. Qc2
Bd7 9. h3 Rc8 10. O-O cxd4 11. exd4 Nb4 12. Qb1 Nxd3 13. Qxd3 Qb6 14. Qc2 Bb5
{Game drawn by mutual agreement} 1/2-1/2

[Event "Team 45 45 League T51"]
[Site "Internet Chess Club"]
[Date "2011.12.04"]
[Round "4"]
[White "BenjaminSisko"]
[Black "Luckydawg"]
[Result "0-1"]
[WhiteElo "1444"]
[BlackElo "1456"]
[Opening "Alekhine's defense: exchange variation"]
[ECO "B03"]
[Time "20:40:32"]
[TimeControl "2700+45"]

1. e4 Nf6 2. e5 Nd5 3. d4 d6 4. c4 Nb6 5. exd6 exd6 6. Nc3 Be7 7. Bd3 O-O 8.
Nge2 Bg4 9. O-O Bf6 10. f3 Bh5 11. Be3 Nc6 12. Nf4 Bg6 13. Nxg6 fxg6 14. d5 Ne5
15. b3 Nxf3+ 16. Rxf3 Bxc3 17. Rc1 Be5 18. Qe2 Nd7 19. Rcf1 Qe7 20. Rxf8+ Rxf8
21. Rxf8+ Qxf8 22. Qf2 a6 23. Qxf8+ Kxf8 24. g3 Nf6 25. Kg2 Ng4 26. Bg1 Bc3 27.
h3 Ne5 28. Be2 Kf7 29. g4 g5 30. Be3 Kf6 31. Kf2 h6 32. c5 Ng6 33. cxd6 cxd6 34.
Bb6 Ke5 35. Bf3 Bd4+ 36. Bxd4+ Kxd4 {White resigns} 0-1

[Event "Team 45 45 League T51"]
[Site "Internet Chess Club"]
[Date "2011.12.02"]
[Round "4"]
[White "Portola"]
[Black "justice02"]
[Result "1/2-1/2"]
[WhiteElo "1752"]
[BlackElo "1759"]
[Opening "Queen's bishop game"]
[ECO "D02"]
[Time "21:00:22"]
[TimeControl "2700+45"]

1. d4 Nf6 2. Nf3 d5 3. Bf4 g6 4. h3 Bg7 5. e3 O-O 6. Bd3 Nbd7 7. Nbd2 c5 8. c3
b6 9. Qe2 Bb7 10. O-O Rc8 11. Ba6 Bxa6 12. Qxa6 Ra8 13. Rfe1 Qc8 14. Qa4 Re8 15.
e4 dxe4 16. Nxe4 Nxe4 17. Rxe4 Nf6 18. Re2 cxd4 19. cxd4 Qf5 20. Bg3 Nh5 21. Bd6
e6 22. Rc2 Qd5 23. Bh2 Red8 24. Rd2 Bh6 25. Rdd1 Bf4 26. Qa3 Bxh2+ 27. Kxh2 Nf4
28. Qe7 Rd7 29. Qh4 Nh5 30. Rdc1 Qd6+ 31. Kh1 Qf4 32. Qxf4 Nxf4 33. Rc2 Rad8 34.
Kh2 f6 35. Rc6 Kf7 36. Re1 Rd6 37. Rc7+ R6d7 38. Rc6 Rd6 39. Rc7+ R6d7 40. Rc6
{Game drawn by repetition} 1/2-1/2